 Dungeon Crawl Stone Soup version 0.23.2-33-g5129a83184 (webtiles) character file.

Game seed: 4259068978389106446

17913 kae the Impaler (level 12, 0/98 HPs)
             Began as a Merfolk Gladiator on July 25, 2019.
             Was a High Priest of Okawaru.
             Slain by Jorgrun
             ... wielding a +0 quarterstaff of crushing
              (10 damage)
             ... on level 12 of the Dungeon.
             The game lasted 00:17:56 (13894 turns).

kae the Impaler (Merfolk Gladiator)                Turns: 13894, Time: 00:17:57

Health: 0/98       AC: 19    Str: 14    XL:     12   Next: 53%
Magic:  17/18      EV: 15    Int: 12    God:    Okawaru [*****.]
Gold:   885        SH: 11    Dex: 16    Spells: 11/11 levels left

rFire    . . .     SeeInvis +   a - +1 demon trident (elec)
rCold    + . .     Gourm    .   K - +2 shield {AC+3}
rNeg     . . .     Faith    .   B - +0 scale mail (curse)
rPois    .         Spirit   .   N - +2 helmet {SInv}
rElec    .         Reflect  .   (no cloak)
rCorr    .         Harm     .   y - +1 pair of gloves
MR       .....                  s - +2 pair of boots
Stlth    ++........             l - amulet of the acrobat
HPRegen  0.26/turn              x - ring of ice
MPRegen  0.16/turn              v - ring of protection from fire

@: about to teleport, heroism, grasped by roots, very slightly contaminated,
constricted
A: change form in water, swift swim, stealthy swim
a: Heroism, Finesse, Renounce Religion


You were on level 12 of the Dungeon.
You worshipped Okawaru.
Okawaru was extremely pleased with you.
You were not hungry.

You visited 2 branches of the dungeon, and saw 13 of its levels.
You also visited: Sewer.

You collected 885 gold pieces.

Inventory:

Hand Weapons
 a - a +1 demon trident of electrocution (weapon)
 b - a +5 halberd of venom
 I - a +1 trident
Missiles
 d - 3 throwing nets (quivered)
Armour
 c - a +0 helmet
 s - a +2 pair of boots (worn)
 w - a +1 leather armour
 y - a +1 pair of gloves (worn)
 B - a cursed +0 scale mail (worn)
 K - a +2 shield of protection (worn)
 N - a +2 helmet of see invisible (worn)
Jewellery
 l - an amulet of the acrobat (around neck)
 v - a ring of protection from fire (right hand)
 x - a ring of ice (left hand)
 E - an uncursed amulet of rage
 F - an uncursed ring of wizardry
Wands
 q - a wand of flame (37)
 r - a wand of acid (9)
 M - a wand of random effects (13)
Scrolls
 h - 3 scrolls of remove curse
 o - 2 scrolls of fog
 u - 2 scrolls of enchant weapon
 A - 4 scrolls of teleportation
 G - a scroll of amnesia
Potions
 g - 5 potions of curing
 i - a potion of resistance
 j - 5 potions of flight
 k - a potion of ambrosia
 m - a potion of invisibility {unknown}
 n - a potion of cancellation
 p - 3 potions of brilliance
 t - 2 potions of mutation
 z - 2 potions of agility
 D - a potion of might
 H - a potion of magic
 L - 2 potions of heal wounds
Comestibles
 f - 24 rations


   Skills:
 + Level 10.4(15.4) Fighting
 * Level 17.7(22.7) Polearms
 - Level 2.0(7.0) Throwing
 + Level 12.5(17.5) Dodging
 + Level 8.8 Invocations


You had 11 spell levels left.
You didn't know any spells.
Your spell library contained the following spells:

 Spells                   Type           Power        Failure   Level  Hunger
 Corona                   Hex            #......      99%         1    ##.....
 Summon Small Mammal      Summ           #...         99%         1    ##.....
 Call Imp                 Summ           #.......     100%        2    ###....
 Ensorcelled Hibernation  Hex/Ice        #.....       100%        2    ###....
 Poisonous Vapours        Pois/Air       #.....       100%        2    ###....
 Slow                     Hex            #.......     100%        2    ###....
 Call Canine Familiar     Summ           #.......     100%        3    ####...
 Confuse                  Hex            #.......     100%        3    ####...
 Conjure Flame            Conj/Fire      #.......     100%        3    ####...
 Dazzling Spray           Conj/Hex       #.....       100%        3    ####...
 Inner Flame              Hex/Fire       #.......     100%        3    ####...
 Mephitic Cloud           Conj/Pois/Air  #.......     100%        3    ####...
 Portal Projectile        Hex/Tloc       #.....       100%        3    ####...
 Summon Guardian Golem    Hex/Summ       #.......     100%        3    ####...
 Tukima's Dance           Hex            #.......     100%        3    ####...
 Cause Fear               Hex            #.........   100%        4    #####..
 Leda's Liquefaction      Hex/Erth       #.........   100%        4    #####..
 Summon Ice Beast         Ice/Summ       #.......     100%        4    #####..
 Summon Lightning Spire   Summ/Air       #.......     100%        4    #####..
 Freezing Cloud           Conj/Ice/Air   #.........   100%        6    #######
 Ring of Flames           Chrm/Fire      #.........   100%        7    #######


Dungeon Overview and Level Annotations

Branches:
Dungeon (12/15)            Temple (1/1) D:4            Lair (0/6) D:9
    Orc (0/2) D:12

Altars:
Ashenzari
Cheibriados
Dithmenos
Elyvilon
Fedhas
Gozag
Hepliaklqana
Kikubaaqudgha
Makhleb
Nemelex Xobeh
Okawaru
Qazlal
Ru
Sif Muna
Trog
Uskayaw
Vehumet
Wu Jian
Xom
Yredelemnul
Zin
The Shining One

Shops:
D:6 *   D:8 }   D:10 (   D:11 (

Annotations:
D:9 Psyche
D:10 3 runed translucent doors
D:11 3 runed translucent doors, Folque's ghost, novice DgCj; Sysandra's ghost, journeyman OpGl
D:12 Jorgrun


Message History

The iron shot hits you!!!
* * * LOW HITPOINT WARNING * * *
The grasping roots constrict you!
You completely miss Jorgrun.
Jorgrun is lightly wounded.
Jorgrun hits you with a +0 quarterstaff of crushing.
* * * LOW HITPOINT WARNING * * *
x3 The grasping roots constrict you.
Unknown command.
Blink to where?
Press: ? - help, Dir - move target cursor You escape the roots' grasp.
You are very lightly contaminated with residual magic.
As you read the scroll of blinking, it crumbles to dust.
As you read the scroll of teleportation, it crumbles to dust.
You feel strangely unstable. Jorgrun casts a spell at you.
Roots burst forth from the earth!
The grasping roots grab you!
You die...

##### #...# #...###############
#### #..>..........@...# #..#
#.................# #..#
#.######).........####..#######
#.#....#.#####.................
###.'....#.#...#..............###
....#....#.#)..#...####g##....#..
....#....+.'...#...#.....#....#..
....#....#.#...#...#.....#....#..
....#....#.#...#...#.....#....'..


You could see Jorgrun.

Vanquished Creatures
  A centaur warrior (D:10)
  6 two-headed ogres
  Urug (D:10)
  2 ugly things
  A manticore (D:11)
  Maurice (D:12)
  An efreet (D:12)
  2 komodo dragons
  2 kobold demonologists
  Prince Ribbit (D:9)
  A hornet (D:10)
  A spriggan (D:7)
  17 yaks
  A wyvern (D:10)
  2 wraiths
  Duvessa (D:4)
  A water moccasin (D:10)
  An ice beast (D:10)
  5 sky beasts
  3 necrophages
  2 black bears
  5 orc warriors
  6 ogres
  10 centaurs
  4 big kobolds
  8 bullfrogs
  A gnoll sergeant (D:12)
  Dowan (D:4)
  A wyvern zombie (D:7)
  A water moccasin zombie (D:7)
  2 scorpions
  4 killer bees (D:7)
  11 wights
  3 howler monkeys
  5 crimson imps
  2 bullfrog zombies
  6 hounds
  9 orc wizards
  4 orc priests
  3 jellies
  3 bullfrog skeletons
  A centaur skeleton (D:4)
  3 iguanas
  11 worker ants
  A killer bee zombie (D:5)
  A hound skeleton (D:9)
  3 gnolls (D:12)
  12 adders
  2 shadow imps
  10 oozes
  An adder skeleton (D:6)
  2 adder zombies
  2 worms
  2 dart slugs
  21 leopard geckos
  63 orcs
  15 ball pythons
  2 bat zombies (D:4)
  17 giant cockroaches
  10 goblins
  6 hobgoblins
  15 jackals
  15 kobolds
  6 quokkas
  7 bats
  12 frilled lizards
  A giant cockroach zombie (D:6)
  9 rats
  2 rat zombies (D:4)
  2 plants (D:9)
396 creatures vanquished.

Vanquished Creatures (others)
  3 withered plants (D:11)
3 creatures vanquished.

Grand Total: 399 creatures vanquished

Notes
Turn   | Place    | Note
-------+----------+-------------------------------------------
     0 | D:1      | kae the Merfolk Gladiator began the quest for the Orb.
     0 | D:1      | Reached XP level 1. HP: 16/16 MP: 1/1
   426 | D:1      | Reached XP level 2. HP: 23/23 MP: 2/2
   530 | D:1      | Reached skill level 5 in Polearms
   554 | D:1      | Reached XP level 3. HP: 22/28 MP: 3/3
   990 | D:2      | You fall through a shaft for 2 floors!
   990 | D:4      | Noticed Duvessa
   990 | D:4      | Noticed Dowan
  1000 | D:4      | Killed Duvessa
  1000 | D:4      | Reached skill level 6 in Polearms
  1000 | D:4      | Reached skill level 5 in Dodging
  1000 | D:4      | Reached XP level 4. HP: 24/35 MP: 4/4
  1000 | D:4      | Reached XP level 5. HP: 28/41 MP: 5/5
  1008 | D:4      | Killed Dowan
  1008 | D:4      | Reached skill level 7 in Polearms
  1248 | D:4      | Reached XP level 6. HP: 44/48 MP: 6/6
  1434 | D:4      | Found an ancient bone altar of Kikubaaqudgha.
  1610 | D:4      | Found a hide-covered altar of Uskayaw.
  1610 | D:4      | Found a blossoming altar of Fedhas.
  1651 | D:4      | Reached skill level 8 in Polearms
  1957 | D:4      | Reached XP level 7. HP: 47/55 MP: 7/7
  2067 | D:4      | Found a staircase to the Ecumenical Temple.
  2083 | Temple   | Entered the Ecumenical Temple
  2326 | Temple   | Became a worshipper of Warmaster Okawaru
  2408 | D:4      | Reached skill level 9 in Polearms
  3240 | D:3      | Reached skill level 5 in Fighting
  3430 | D:3      | Found a glowing drain.
  3453 | Sewer    | Entered a sewer
  3632 | Sewer    | Reached XP level 8. HP: 62/62 MP: 8/8
  3705 | Sewer    | Reached skill level 10 in Polearms
  4063 | D:3      | Reached * piety under Okawaru
  4856 | D:5      | Entered Level 5 of the Dungeon
  5182 | D:5      | Reached skill level 1 in Invocations
  5207 | D:5      | Noticed a yak
  5207 | D:5      | Noticed a yak
  5207 | D:5      | Noticed a yak
  5208 | D:5      | Noticed a yak
  5231 | D:5      | Killed a yak
  5231 | D:5      | Reached skill level 11 in Polearms
  5264 | D:4      | Killed a yak
  5513 | D:4      | Killed a yak
  5513 | D:4      | Reached ** piety under Okawaru
  5513 | D:4      | Reached XP level 9. HP: 56/70 MP: 10/10
  6367 | D:6      | Reached skill level 12 in Polearms
  6387 | D:6      | Found a shimmering altar of Xom.
  6865 | D:6      | Found Gozag's Platinum Reserve.
  6865 | D:6      | Found an opulent altar of Gozag.
  7699 | D:7      | Found a hazy altar of Hepliaklqana.
  7941 | D:7      | Reached skill level 13 in Polearms
  8107 | D:7      | Reached *** piety under Okawaru
  8361 | D:8      | Reached XP level 10. HP: 72/79 MP: 13/13
  8448 | D:8      | Found Nimeatask's Gadget Boutique.
  9039 | D:8      | Noticed a two-headed ogre
  9048 | D:8      | Killed a two-headed ogre
  9048 | D:8      | Reached skill level 5 in Invocations
  9368 | D:8      | Found Nimeatask's Gadget Boutique.
  9566 | D:8      | Reached skill level 14 in Polearms
  9858 | D:9      | Noticed Psyche
  9865 | D:9      | Reached **** piety under Okawaru
  9865 | D:9      | Found a staircase to the Lair.
  9895 | D:9      | Reached skill level 10 in Dodging
 10171 | D:9      | Noticed Prince Ribbit
 10185 | D:9      | Killed Prince Ribbit
 10479 | D:9      | Found a snail-covered altar of Cheibriados.
 10484 | D:9      | Found a glowing silver altar of Zin.
 10607 | D:10     | Entered Level 10 of the Dungeon
 10671 | D:10     | Reached ***** piety under Okawaru
 11001 | D:10     | Found a runed translucent gate.
 11001 | D:10     | Found a runed translucent gate.
 11001 | D:10     | Found a runed translucent gate.
 11004 | D:10     | Noticed a green ugly thing
 11005 | D:10     | Noticed a white ugly thing
 11005 | D:10     | Noticed a cyan ugly thing
 11006 | D:10     | Noticed a white ugly thing
 11032 | D:10     | Found a shadowy altar of Dithmenos.
 11036 | D:10     | Found Iraidu's Antique Weapon Shoppe.
 11036 | D:10     | Noticed Urug
 11041 | D:10     | Reached skill level 15 in Polearms
 11054 | D:10     | Killed Urug
 11054 | D:10     | Received a gift from Okawaru
 11054 | D:10     | Reached XP level 11. HP: 62/87 MP: 13/15
 11159 | D:10     | Noticed a centaur warrior
 11173 | D:10     | Killed a centaur warrior
 11173 | D:10     | Received a gift from Okawaru
 11383 | D:10     | Noticed a two-headed ogre
 11391 | D:10     | Killed a two-headed ogre
 11631 | D:11     | Noticed a two-headed ogre
 11650 | D:11     | Killed a two-headed ogre
 11650 | D:11     | Reached skill level 16 in Polearms
 11672 | D:11     | Noticed a white ugly thing
 11699 | D:11     | Killed a white ugly thing
 12191 | D:11     | Noticed a two-headed ogre
 12201 | D:11     | Killed a two-headed ogre
 12298 | D:11     | Noticed a manticore
 12320 | D:11     | Killed a manticore
 12401 | D:11     | Found a runed translucent gate.
 12401 | D:11     | Found a runed translucent gate.
 12401 | D:11     | Noticed Folque's ghost (novice DgCj)
 12402 | D:11     | Found a runed translucent gate.
 12402 | D:11     | Noticed Sysandra's ghost (journeyman OpGl)
 12577 | D:11     | Reached XP level 12. HP: 97/97 MP: 14/18
 12595 | D:11     | Reached skill level 10 in Fighting
 12669 | D:11     | Found Reot's Weapon Emporium.
 12840 | D:12     | Noticed Maurice
 12843 | D:12     | Noticed a two-headed ogre
 12854 | D:11     | Reached skill level 17 in Polearms
 13236 | D:12     | Noticed a two-headed ogre
 13246 | D:12     | Killed a two-headed ogre
 13370 | D:12     | Found a staircase to the Orcish Mines.
 13584 | D:12     | Found a stormy altar of Qazlal.
 13596 | D:12     | Killed a two-headed ogre
 13596 | D:12     | Received a gift from Okawaru
 13631 | D:12     | Killed Maurice
 13832 | D:12     | Received a gift from Okawaru
 13884 | D:12     | Noticed Jorgrun
 13894 | D:12     | Slain by Jorgrun

Skill      XL: |  1  2  3  4  5  6  7  8  9 10 11 12 |
---------------+-------------------------------------+-----
Polearms       | 5 6 7 8 9 11 13 15 16 17 | 17.7
Fighting       | 3 4 5 6 7 8 9 10 | 10.4
Dodging        | 5 6 8 9 10 11 12 | 12.5
Invocations    | 2 4 6 8 |  8.8
Throwing       | |  2.0

Action                   |  1- 3 |  4- 6 |  7- 9 | 10-12 || total
-------------------------+-------+-------+-------+-------++-------
Melee: Trident           |   101 |   117 |   656 |    93 ||   967
       Tailslap          |       |       |    11 |       ||    11
       Halberd           |       |       |       |   138 ||   138
       Punch             |       |       |       |     3 ||     3
       Demon trident     |       |       |       |   394 ||   394
Invok: Heroism           |       |       |     2 |    20 ||    22
Evoke: Wand              |       |       |       |     4 ||     4
  Use: Scroll            |     2 |     1 |    17 |    13 ||    33
       Potion            |     1 |       |     2 |       ||     3
 Stab: Sleeping          |     3 |     1 |    10 |     2 ||    16
       Distracted        |     1 |       |       |       ||     1
  Eat: Chunk             |       |     4 |    16 |    15 ||    35
       Ration            |       |       |     1 |     1 ||     2
Armor: Leather armour    |    26 |    19 |    51 |    13 ||   109
       Scale mail        |       |       |       |    74 ||    74
Dodge: Dodged            |    57 |    65 |   317 |   237 ||   676
Block: Shield            |       |       |       |   110 ||   110
